General information
- name: BNet
- type: Ladder team game (AT/RT)
- host: Battle.net
- saver: 891247812578125
map: GolemsInTheMist
- players: 8
- length: 28:03
- speed: Fast
- version: 1.26 W3XP
- replay type: Public
» download(156 KB)
Players
team 1 (loser)
tepwnzor (
blue | 60 APM | 602 actions | 10:05)
1 Blademaster
1 Wind Walk
» actions
| Assign group hotkey | 6 | |
| Basic commands | 7 | |
| Build / train | 22 | |
| Enter build submenu | 6 | |
| Enter hero's abilities submenu | 1 | |
| Right click | 282 | |
| Select / deselect | 193 | |
| Select group hotkey | 56 | |
| Use ability | 29 | |
602 total
» units
» buildings
| Altar of Storms | 1 | |
| Orc Burrow | 2 | |
| Voodoo Lounge | 1 | |
| Barracks | 1 | |
| Stronghold | 1 | |
| War Mill | 1 | |
7 total
» build order
00:06 Altar of Storms
00:08 Orc Burrow
00:51 Voodoo Lounge
01:20 Orc Burrow
01:59 Barracks
02:53 Stronghold
04:06 War Mill
» items
| Healing Salve | 2 | |
| Lesser Clarity Potion | 2 | |
| Scroll of Speed | 1 | |
5 total
CHRISTMAS-LADY (
red | 56 APM | 1569 actions | 28:01)
6 Blood Mage
3 Flame Strike
2 Banish
1 Summon Phoenix
» actions
| Assign group hotkey | 25 | |
| Basic commands | 12 | |
| Build / train | 86 | |
| Enter build submenu | 25 | |
| Enter hero's abilities submenu | 6 | |
| Give item / drop item | 1 | |
| Remove unit from queue | 1 | |
| Right click | 629 | |
| Select / deselect | 285 | |
| Select group hotkey | 425 | |
| Use ability | 74 | |
1569 total
» units
| Peasant | 11 | |
| Footman | 3 | |
| Goblin Shredder | 2 | |
| Gryphon Rider | 6 | |
22 total
» upgrades
| Masonry | 3 | |
| Storm Hammers | 1 | |
| Cloud | 1 | |
| Animal War Training | 1 | |
| Swords | 2 | |
| Armor | 2 | |
10 total
» buildings
| Altar of Kings | 1 | |
| Barracks | 1 | |
| Farm | 13 | |
| Scout Tower | 17 | |
| Arcane Tower | 2 | |
| Keep | 5 | |
| Town Hall | 2 | |
| Lumber Mill | 1 | |
| Arcane Vault | 1 | |
| Guard Tower | 19 | |
| Castle | 2 | |
| Gryphon Aviary | 3 | |
| Blacksmith | 1 | |
68 total
» build order
00:10 Altar of Kings
00:21 Barracks
00:36 Farm
00:55 Farm
01:34 Scout Tower
01:46 Farm
02:02 Arcane Tower
02:02 Arcane Tower
03:34 Keep
03:45 Town Hall
03:52 Lumber Mill
04:05 Farm
05:26 Keep
05:26 Keep
05:26 Keep
05:46 Arcane Vault
06:28 Scout Tower
06:29 Scout Tower
06:30 Scout Tower
06:31 Scout Tower
06:31 Scout Tower
06:43 Scout Tower
06:43 Scout Tower
06:49 Scout Tower
06:50 Scout Tower
07:02 Guard Tower
07:02 Guard Tower
07:14 Guard Tower
07:29 Farm
07:32 Guard Tower
07:33 Guard Tower
07:45 Guard Tower
07:45 Guard Tower
07:49 Castle
07:49 Castle
07:51 Guard Tower
07:57 Scout Tower
07:58 Scout Tower
07:58 Scout Tower
07:59 Scout Tower
08:00 Scout Tower
08:00 Scout Tower
08:32 Guard Tower
08:33 Guard Tower
08:34 Guard Tower
08:41 Gryphon Aviary
08:45 Gryphon Aviary
08:52 Guard Tower
09:15 Guard Tower
09:15 Guard Tower
09:20 Farm
09:22 Farm
09:22 Farm
09:47 Gryphon Aviary
10:34 Farm
10:34 Farm
10:35 Farm
11:10 Farm
11:11 Farm
11:50 Blacksmith
19:22 Town Hall
» items
| Potion of Mana | 3 | |
| Ivory Tower | 4 | |
| Potion of Healing | 2 | |
| Scroll of Town Portal | 3 | |
| Lesser Clarity Potion | 1 | |
| Orb of Fire | 1 | |
14 total
MicrowaveChef (
purple | 49 APM | 1381 actions | 28:01)
5 Blood Mage
3 Flame Strike
2 Siphon Mana
1 Blademaster
1 Critical Strike
» actions
| Assign group hotkey | 56 | |
| Basic commands | 59 | |
| Build / train | 85 | |
| Enter build submenu | 57 | |
| Enter hero's abilities submenu | 6 | |
| Give item / drop item | 2 | |
| Remove unit from queue | 2 | |
| Right click | 618 | |
| Select / deselect | 266 | |
| Select group hotkey | 106 | |
| Use ability | 124 | |
1381 total
» units
| Peasant | 17 | |
| Footman | 4 | |
| Goblin Shredder | 1 | |
| Gryphon Rider | 6 | |
| Goblin Sapper | 4 | |
32 total
» upgrades
| Lumber Harvesting | 0 | |
| Masonry | 3 | |
| Swords | 3 | |
| Armor | 3 | |
| Animal War Training | 1 | |
| Storm Hammers | 1 | |
| Cloud | 1 | |
12 total
» buildings
| Altar of Kings | 1 | |
| Barracks | 1 | |
| Farm | 11 | |
| Arcane Vault | 1 | |
| Keep | 1 | |
| Lumber Mill | 3 | |
| Scout Tower | 31 | |
| Guard Tower | 17 | |
| Castle | 1 | |
| Town Hall | 3 | |
| Gryphon Aviary | 4 | |
| Blacksmith | 2 | |
| War Mill | 1 | |
| Watch Tower | 3 | |
80 total
» build order
00:42 Altar of Kings
00:43 Barracks
00:53 Farm
00:56 Farm
01:04 Farm
01:45 Farm
02:47 Arcane Vault
04:08 Keep
04:35 Lumber Mill
04:40 Lumber Mill
06:21 Scout Tower
06:21 Scout Tower
06:23 Scout Tower
06:23 Scout Tower
06:24 Scout Tower
06:25 Scout Tower
06:26 Scout Tower
06:33 Scout Tower
06:34 Scout Tower
06:35 Scout Tower
06:52 Guard Tower
06:52 Guard Tower
06:52 Guard Tower
06:52 Guard Tower
06:53 Guard Tower
06:54 Guard Tower
06:54 Guard Tower
06:54 Guard Tower
06:55 Guard Tower
06:55 Guard Tower
07:10 Guard Tower
07:33 Scout Tower
07:33 Scout Tower
07:34 Scout Tower
07:39 Scout Tower
07:40 Scout Tower
07:41 Scout Tower
08:36 Guard Tower
09:55 Castle
10:21 Town Hall
10:37 Scout Tower
10:42 Scout Tower
10:43 Scout Tower
10:44 Scout Tower
10:51 Scout Tower
10:52 Scout Tower
10:53 Scout Tower
10:53 Scout Tower
10:54 Scout Tower
10:56 Scout Tower
10:57 Scout Tower
10:58 Scout Tower
10:59 Scout Tower
10:59 Scout Tower
11:01 Scout Tower
11:38 Guard Tower
11:59 Guard Tower
12:52 Guard Tower
12:59 Gryphon Aviary
12:59 Gryphon Aviary
13:00 Gryphon Aviary
13:01 Gryphon Aviary
13:04 Blacksmith
13:06 Blacksmith
13:34 War Mill
14:20 Lumber Mill
14:32 Farm
14:58 Watch Tower
14:59 Watch Tower
15:00 Watch Tower
22:13 Town Hall
22:26 Town Hall
26:47 Farm
26:47 Farm
26:48 Farm
26:48 Farm
26:49 Farm
26:51 Farm
» items
| Mechanical Critter | 4 | |
| Scroll of Regeneration | 5 | |
| Scroll of Town Portal | 1 | |
| Lesser Clarity Potion | 1 | |
| Staff of Sanctuary | 1 | |
12 total
tiagoassis007 (
green | 27 APM | 297 actions | 11:07)
2 Blademaster
1 Critical Strike
1 Mirror Image
1 Shadow Hunter
1 Healing Wave
» actions
| Assign group hotkey | 1 | |
| Basic commands | 1 | |
| Build / train | 33 | |
| Enter build submenu | 13 | |
| Enter hero's abilities submenu | 3 | |
| Remove unit from queue | 1 | |
| Right click | 96 | |
| Select / deselect | 119 | |
| Select group hotkey | 6 | |
| Use ability | 24 | |
297 total
» units
» upgrades
| Melee Weapons | 2 | |
| Armor | 1 | |
| Spiked Barricades | 2 | |
| Berserker Strength | 1 | |
| Burning Oil | 1 | |
7 total
» buildings
| Orc Burrow | 6 | |
| Altar of Storms | 1 | |
| Barracks | 2 | |
| War Mill | 1 | |
| Stronghold | 1 | |
| Watch Tower | 2 | |
| Voodoo Lounge | 1 | |
| Fortress | 1 | |
15 total
» build order
00:22 Orc Burrow
00:39 Altar of Storms
00:53 Barracks
01:49 Orc Burrow
02:04 Orc Burrow
02:29 War Mill
03:11 Orc Burrow
03:32 Stronghold
03:49 Watch Tower
04:06 Watch Tower
04:32 Orc Burrow
04:49 Voodoo Lounge
05:05 Orc Burrow
06:12 Barracks
07:50 Fortress
» items
team 2 (winner)
ANAL_NOOB (
orange | 45 APM | 1266 actions | 28:01)
4 Blood Mage
2 Flame Strike
1 Siphon Mana
1 Banish
» actions
| Assign group hotkey | 20 | |
| Basic commands | 12 | |
| Build / train | 53 | |
| Enter build submenu | 38 | |
| Enter hero's abilities submenu | 5 | |
| Right click | 738 | |
| Select / deselect | 297 | |
| Select group hotkey | 45 | |
| Use ability | 58 | |
1266 total
» units
| Peasant | 10 | |
| Rifleman | 11 | |
| Sorceress | 3 | |
| Dragonhawk Rider | 9 | |
| Goblin Shredder | 1 | |
| Goblin Zeppelin | 1 | |
35 total
» upgrades
| Gunpowder | 1 | |
| Armor | 1 | |
| Long Rifles | 1 | |
| Cloud | 1 | |
4 total
» buildings
| Altar of Kings | 1 | |
| Farm | 20 | |
| Barracks | 1 | |
| Blacksmith | 1 | |
| Arcane Vault | 1 | |
| Scout Tower | 4 | |
| Arcane Tower | 1 | |
| Lumber Mill | 1 | |
| Keep | 1 | |
| Guard Tower | 1 | |
| Arcane Sanctum | 1 | |
| Workshop | 2 | |
| Castle | 1 | |
| Gryphon Aviary | 3 | |
39 total
» build order
00:09 Altar of Kings
00:22 Farm
01:27 Barracks
01:32 Blacksmith
01:39 Farm
02:02 Arcane Vault
02:25 Scout Tower
02:37 Farm
02:58 Arcane Tower
03:52 Farm
04:37 Lumber Mill
06:18 Keep
06:38 Farm
06:42 Scout Tower
06:45 Scout Tower
06:48 Scout Tower
07:21 Guard Tower
07:26 Farm
07:28 Farm
07:29 Farm
08:54 Arcane Sanctum
11:30 Workshop
11:36 Workshop
11:40 Castle
12:07 Gryphon Aviary
12:11 Gryphon Aviary
13:51 Gryphon Aviary
15:39 Farm
16:16 Farm
16:19 Farm
16:19 Farm
16:22 Farm
16:23 Farm
25:13 Farm
25:40 Farm
26:20 Farm
26:26 Farm
27:13 Farm
27:19 Farm
» items
| Scroll of Regeneration | 3 | |
| Lesser Clarity Potion | 1 | |
| Scroll of Town Portal | 1 | |
5 total
891247812578125 (
yellow | 79 APM | 2210 actions | 28:03)
6 Blademaster
3 Wind Walk
3 Critical Strike
» actions
| Assign group hotkey | 114 | |
| Basic commands | 245 | |
| Build / train | 90 | |
| ESC pressed | 8 | |
| Enter build submenu | 52 | |
| Enter hero's abilities submenu | 5 | |
| Give item / drop item | 1 | |
| Right click | 739 | |
| Select / deselect | 261 | |
| Select group hotkey | 553 | |
| Use ability | 142 | |
2210 total
» units
| Peon | 20 | |
| Grunt | 7 | |
| Goblin Shredder | 4 | |
| Wind Rider | 13 | |
| Goblin Zeppelin | 2 | |
46 total
» upgrades
| Berserker Strength | 1 | |
| Ranged Weapons | 3 | |
| Armor | 3 | |
| Reinforced Defenses | 1 | |
| Envenomed Spears | 1 | |
| Pillage | 1 | |
| Spiked Barricades | 2 | |
12 total
» buildings
| Orc Burrow | 5 | |
| Altar of Storms | 1 | |
| Barracks | 1 | |
| Voodoo Lounge | 1 | |
| Stronghold | 3 | |
| War Mill | 1 | |
| Great Hall | 3 | |
| Fortress | 2 | |
| Beastiary | 2 | |
| Watch Tower | 39 | |
58 total
» build order
00:11 Orc Burrow
00:45 Orc Burrow
01:04 Altar of Storms
01:07 Barracks
01:51 Voodoo Lounge
03:01 Orc Burrow
03:55 Stronghold
03:55 Stronghold
04:42 Orc Burrow
05:26 War Mill
06:28 Great Hall
06:36 Fortress
06:40 Beastiary
07:01 Beastiary
07:12 Watch Tower
07:28 Watch Tower
08:43 Watch Tower
08:47 Watch Tower
10:13 Great Hall
10:18 Watch Tower
10:24 Watch Tower
10:56 Watch Tower
10:56 Watch Tower
10:57 Watch Tower
11:02 Watch Tower
11:12 Watch Tower
11:15 Watch Tower
11:17 Watch Tower
12:24 Watch Tower
12:28 Watch Tower
12:31 Watch Tower
13:22 Watch Tower
13:28 Watch Tower
13:29 Watch Tower
13:51 Watch Tower
13:54 Watch Tower
13:57 Watch Tower
13:59 Watch Tower
14:02 Watch Tower
14:06 Watch Tower
14:07 Watch Tower
14:08 Watch Tower
14:23 Orc Burrow
14:35 Watch Tower
14:36 Watch Tower
14:46 Watch Tower
14:48 Watch Tower
20:20 Great Hall
22:09 Watch Tower
22:10 Watch Tower
22:15 Watch Tower
22:16 Watch Tower
22:19 Watch Tower
22:27 Watch Tower
22:30 Watch Tower
22:32 Watch Tower
» items
| Healing Salve | 3 | |
| Tiny Great Hall | 1 | |
| Scroll of Town Portal | 1 | |
| Scroll of Regeneration | 2 | |
7 total

»
AdrianHL (
teal | 36 APM | 724 actions | 20:07)
4 Mountain King
2 Storm Bolt
2 Bash
» actions
| Basic commands | 3 | |
| Build / train | 51 | |
| Enter build submenu | 24 | |
| Enter hero's abilities submenu | 4 | |
| Remove unit from queue | 1 | |
| Right click | 335 | |
| Select / deselect | 271 | |
| Use ability | 35 | |
724 total
» units
| Peasant | 16 | |
| Footman | 3 | |
| Rifleman | 12 | |
| Gryphon Rider | 3 | |
34 total
» upgrades
| Gunpowder | 1 | |
| Armor | 1 | |
| Swords | 2 | |
| Lumber Harvesting | 1 | |
| Long Rifles | 1 | |
| Storm Hammers | 1 | |
7 total
» buildings
| Altar of Kings | 1 | |
| Barracks | 1 | |
| Farm | 13 | |
| Blacksmith | 1 | |
| Scout Tower | 1 | |
| Arcane Tower | 1 | |
| Keep | 1 | |
| Lumber Mill | 1 | |
| Castle | 1 | |
| Town Hall | 1 | |
| Gryphon Aviary | 2 | |
| Arcane Vault | 1 | |
25 total
» build order
00:09 Altar of Kings
00:20 Barracks
00:30 Farm
01:06 Farm
01:42 Blacksmith
01:52 Farm
02:30 Farm
02:49 Farm
03:49 Scout Tower
04:17 Arcane Tower
05:27 Farm
05:58 Keep
06:39 Farm
08:28 Lumber Mill
09:22 Castle
10:05 Town Hall
10:35 Farm
11:18 Farm
11:48 Gryphon Aviary
11:50 Gryphon Aviary
14:26 Farm
14:36 Farm
15:12 Farm
16:01 Farm
16:34 Arcane Vault

»
cheesepuff29 (
pink | 27 APM | 559 actions | 20:39)
2 Dreadlord
1 Vampiric Aura
1 Carrion Swarm
» actions
| Build / train | 35 | |
| Enter build submenu | 11 | |
| Enter hero's abilities submenu | 2 | |
| Remove unit from queue | 1 | |
| Right click | 175 | |
| Select / deselect | 288 | |
| Use ability | 47 | |
559 total
» units
| Acolyte | 2 | |
| Ghoul | 18 | |
| Frost Wyrm | 2 | |
22 total
» upgrades
| Cannibalize | 1 | |
| Freezing Breath | 1 | |
2 total
» buildings
| Crypt | 2 | |
| Altar of Darkness | 1 | |
| Ziggurat | 7 | |
| Nerubian Tower | 3 | |
| Halls of the Dead | 1 | |
| Graveyard | 1 | |
| Black Citadel | 1 | |
| Sacrificial Pit | 1 | |
| Boneyard | 2 | |
19 total
» build order
00:09 Crypt
00:13 Crypt
00:40 Altar of Darkness
00:58 Ziggurat
01:31 Ziggurat
02:40 Ziggurat
03:17 Nerubian Tower
04:33 Ziggurat
04:55 Nerubian Tower
05:06 Nerubian Tower
05:49 Halls of the Dead
07:17 Graveyard
10:29 Black Citadel
11:01 Ziggurat
11:02 Ziggurat
11:03 Ziggurat
11:33 Sacrificial Pit
13:18 Boneyard
13:19 Boneyard
» items
| Orb of Lightning | 1 | |
| Tiny Great Hall | 1 | |
2 total
Chat log
(00:34 / Allies) ANAL_NOOB: HI
(00:39 / Allies) ANAL_NOOB: GO FAST RUSH
(00:43 / Allies) cheesepuff29: kk
(00:54 / Allies) AdrianHL: Sure
(01:20 / Allies) cheesepuff29: ghoul rush
(01:55 / Allies) ANAL_NOOB: HERE
(01:59 / Allies) cheesepuff29: kk
(02:13 / All) CHRISTMAS-LADY: anal talk to us!
(02:31 / All) ANAL_NOOB: ANAL
(02:55 / Allies) cheesepuff29: im rdy
(03:00 / Allies) cheesepuff29: pretty muh
(03:06 / Allies) ANAL_NOOB: RAT
(03:22 / Allies) ANAL_NOOB: RAT
(03:29 / Allies) ANAL_NOOB: GOGOGO
(04:21 / Allies) ANAL_NOOB: GO
(04:34 / Allies) AdrianHL: GO
(04:43 / Allies) cheesepuff29: otw
(04:53 / All) ANAL_NOOB: YOU RAT BLUE
(05:46 / All) cheesepuff29: easy kill
(06:58 / Allies) ANAL_NOOB: MINE TEAL
(07:19 / Allies) AdrianHL: ?
(07:29 / Allies) AdrianHL: down?
(07:39 / Allies) ANAL_NOOB: GOGOGO
(08:35 / Allies) ANAL_NOOB: B PINK
(08:53 / Allies) cheesepuff29: spare wood?
(09:12 / Allies) ANAL_NOOB: GIV EM
(09:14 / Allies) ANAL_NOOB: ME
(09:26 / Allies) ANAL_NOOB: TEAL
(09:38 / Allies) ANAL_NOOB: BURROW
(11:25 / All) CHRISTMAS-LADY: ANAL NOOB
(11:38 / All) ANAL_NOOB: YOU?
(11:48 / Allies) 891247812578125: hit here
(12:24 / All) AdrianHL: RUUUN
(12:26 / All) AdrianHL: BITCH
(12:36 / Allies) cheesepuff29: spare wood?
(12:37 / All) CHRISTMAS-LADY: TRUMP OR HILARY
(12:39 / All) MicrowaveChef: mass tier 1 faggot LOL
(12:44 / All) AdrianHL: LOL
(12:46 / Allies) ANAL_NOOB: GIV ME PLZ
(12:47 / All) AdrianHL: WIN
(12:48 / All) MicrowaveChef: durr you're so good you can mass tier 1
(12:48 / Allies) 891247812578125: bitch stole my orb
(12:50 / Allies) ANAL_NOOB: WOOD
(12:52 / Allies) 891247812578125: why would I give you wood
(12:53 / All) MicrowaveChef: we'll see
(12:54 / Allies) 891247812578125: give me your orb
(12:56 / Allies) 891247812578125: and you get 500 wood
(13:02 / Allies) 891247812578125: sound fair pink?
(13:08 / Allies) 891247812578125: orb thief
(13:12 / Allies) cheesepuff29: nah
(13:19 / Allies) 891247812578125: orb thief scum
(13:25 / Allies) AdrianHL: LOL
(13:35 / Allies) AdrianHL: FIGHT ORB
(13:41 / Allies) cheesepuff29: lol when we lose
(14:17 / Allies) AdrianHL: WTF
(14:18 / Allies) AdrianHL: LOL
(14:25 / Allies) 891247812578125: ?
(14:33 / Allies) AdrianHL: WHY MUCH TOWERS
(14:34 / Allies) cheesepuff29: he just wasting resources
(14:40 / Allies) 891247812578125: I'm gonna need them
(14:46 / Allies) AdrianHL: LOL
(14:52 / Allies) ANAL_NOOB: WOOD PLZ
(14:56 / Allies) cheesepuff29: not even gonna mine the gold?
(15:00 / Allies) 891247812578125: yes'
(15:01 / Allies) 891247812578125: I am
(15:02 / Allies) 891247812578125: dumbass
(15:17 / Allies) 891247812578125: gonna get a tiny hall and mine your gold too
(15:18 / Allies) cheesepuff29: lmao so u tk
(15:20 / Allies) 891247812578125: for stealing my orb
(15:22 / Allies) AdrianHL: LOL
(15:36 / All) cheesepuff29: GG
(15:42 / All) cheesepuff29: yellow has expo in middle with towers
(15:43 / All) cheesepuff29: FYI
(15:51 / All) 891247812578125: in case you had units going south
(15:53 / All) 891247812578125: or any other allies
(15:58 / All) 891247812578125: those towers are to protect against my own team
(16:03 / Allies) cheesepuff29: yellow just a bitch
(16:55 / Allies) AdrianHL: FINISH THAT SHIT
(17:04 / Allies) cheesepuff29: LOL
(17:06 / Allies) cheesepuff29: WITH WHAT ?
(17:10 / All) 891247812578125: orange tk
(17:12 / Allies) cheesepuff29: YELLOWS FUCKING WIND RIDERS HAHA
(17:23 / All) cheesepuff29: yellow tk me FYI
(17:27 / All) cheesepuff29: top right base is gone
(17:34 / All) AdrianHL: LOL FUCKING ALLIES
(17:35 / All) 891247812578125: no
(17:37 / All) 891247812578125: you tked me
(17:38 / Allies) cheesepuff29: why did u fuck it all up yellow
(17:40 / All) 891247812578125: because you stole my item'
(17:41 / Allies) cheesepuff29: for real
(17:43 / Allies) 891247812578125: orange did
(17:45 / Allies) cheesepuff29: why u fuckign pussy wit bitch
(17:46 / Allies) 891247812578125: he's tking me
(17:48 / Allies) 891247812578125: I only served justice
(17:52 / Allies) cheesepuff29: lmao
(17:55 / Allies) 891247812578125: but orange is unreasonable
(18:00 / All) MicrowaveChef: you like that teal?
(18:02 / All) MicrowaveChef: YOU LIKE THAT?
(18:04 / Allies) cheesepuff29: nah i gave yellow gold
(18:08 / Allies) cheesepuff29: oj gold
(18:11 / Allies) cheesepuff29: to fuckin kill u
(18:14 / Allies) 891247812578125: thanks for the base orange
(18:19 / All) MicrowaveChef: I'M JUST A STRANGER WHO MADE A WAGER FOR MY LIFE
(18:32 / Allies) ANAL_NOOB: COM TEAL
(18:34 / All) CHRISTMAS-LADY: anal got anal'd lol
(18:38 / Allies) cheesepuff29: if yellow didnt fuck it up
(18:53 / Allies) 891247812578125: you brought this on your team
(19:04 / Allies) 891247812578125: you are the reason my team must lose
(19:08 / Allies) cheesepuff29: its funny tho. a fucking piece of shit like yellow. like an actual person would waste his time to lose
(19:16 / Allies) cheesepuff29: like he probaly wakes up
(19:20 / Allies) cheesepuff29: with no text message
(19:21 / All) MicrowaveChef: pink a cry baby quitteR?
(19:22 / Allies) cheesepuff29: no phone calls
(19:25 / All) 891247812578125: help kill teal and orange
(19:26 / All) 891247812578125: at his base
(19:28 / All) 891247812578125: oranges bases
(19:31 / All) cheesepuff29: nah yellow tk me
(19:33 / All) cheesepuff29: so im out
(19:42 / All) 891247812578125: thanks pals
(19:50 / Allies) AdrianHL: Lol yellow
(19:51 / All) MicrowaveChef: np bud
(20:00 / All) CHRISTMAS-LADY: leave teal u nab
(20:03 / All) ANAL_NOOB: FAG YELLOW
(20:08 / All) cheesepuff29: the phone works. Just no other human being gives a single shit about him
(20:09 / All) 891247812578125: Glad I at least got some good allies on the enemy team
(20:13 / All) 891247812578125: my allies on my team are noobs
(20:29 / All) CHRISTMAS-LADY: ur team totally sucked yellow
(20:31 / All) CHRISTMAS-LADY: sorry man
(20:32 / All) 891247812578125: yeah
(20:34 / All) 891247812578125: it really did
(20:39 / All) 891247812578125: I was the best player on my team, the only good one
(21:14 / All) CHRISTMAS-LADY: anal got anal'd
(21:18 / All) 891247812578125: wow
(21:20 / All) 891247812578125: anal is the only player left
(21:22 / All) 891247812578125: he has to lose
(21:34 / All) MicrowaveChef: teal needs a loss anyway
(21:36 / All) ANAL_NOOB: STFU FAG
(21:39 / All) 891247812578125: purple
(21:41 / All) MicrowaveChef: cocky scumbag
(21:41 / All) 891247812578125: finish up teal's base
(21:43 / All) 891247812578125: I'll kill my own base
(21:44 / All) CHRISTMAS-LADY: anal got anal'ddddddddddd
(21:45 / All) MicrowaveChef: heading there
(22:00 / All) MicrowaveChef: my sapper never went off at teal's lawl
(22:05 / All) MicrowaveChef: getting taxed that whole time
(22:55 / All) CHRISTMAS-LADY: did green make those towers at u purple or was it u
(23:02 / All) MicrowaveChef: me
(23:25 / All) MicrowaveChef: if they attacked me right after blue I would have been totally fucked
(23:30 / All) MicrowaveChef: all that t 1 came out of nowhere
(23:42 / All) CHRISTMAS-LADY: they left tho lol
(23:58 / All) CHRISTMAS-LADY: they could have taken u
(24:07 / All) MicrowaveChef: yeah all that tier 1 came out of nowhere lol
(24:08 / All) CHRISTMAS-LADY: maybe
(24:09 / All) MicrowaveChef: rod never said anything
(24:14 / All) CHRISTMAS-LADY: pinks ghouls teals mk rifles oj mk rifles
(24:19 / All) CHRISTMAS-LADY: rod did a great job
(24:53 / All) CHRISTMAS-LADY: anal got anal'd
(25:46 / All) CHRISTMAS-LADY: trump wall
(26:07 / All) MicrowaveChef: He's gonna build a wall, it's gonna be yuge and it's gonna keep pussies like tael out
(26:55 / All) 891247812578125: anything to say for yourself in these last moments orange?
(27:02 / All) 891247812578125: ANAL NOOB GOT ANALED!